 Dungeon Crawl Stone Soup version 0.20.0-15-g7f486f2 (webtiles) character file.

647258 esteth the Metallomancer (level 27, -37/220 HPs)
             Began as a Gargoyle Earth Elementalist on June 18, 2017.
             Was the Champion of Vehumet.
             Killed from afar by a frost giant (67 damage)
             ... with a bolt of cold
             ... on level 2 of the Realm of Zot on June 20, 2017.
             The game lasted 05:38:05 (78840 turns).

esteth the Metallomancer (GrEE)                    Turns: 78840, Time: 05:38:05

Health: -37/220    AC: 43    Str: 14    XL:     27
Magic:  0/51       EV: 16    Int: 46    God:    Vehumet [******]
Gold:   6795       SH: 18    Dex: 10    Spells: 10/64 levels left

rFire    + + +     SeeInvis .   d - staff of earth
rCold    x x x     Gourm    .   v - +1 shield of Beogh's Hope {+Fly rC- MR+ Int+6}
rNeg     + + .     Faith    .   M - +4 moon troll leather armour {Spirit, Regen++ MP+5}
rPois    ∞         Spirit   +   Y - +2 helmet {Int+3}
rElec    +         Reflect  +   U - +1 cloak of Leos {rElec rF+}
rCorr    .         Harm     .   B - +3 pair of gauntlets of War {Slay+5}
MR       +++++                  K - +2 pair of boots
Stlth    ++........             r - amulet of Bodily Harmony {Reflect Int+4 SH+4}
Regen    1.3/turn               g - ring of Liberalism {rPois rF+ Int+6}
MPRegen  0.4/turn               w - ring "Locumomo" {rF+ rN+ MR+ Slay+5}

@: immune to fire clouds, flying
A: big wings, magic resistance 1, negative energy resistance 1, robust 2,
electricity resistance, wild magic 1, unbreathing, petrification resistance, rot
immunity, AC +20
}: 3/15 runes: barnacled, silver, gossamer
a: Stop Flying, Renounce Religion


You were on level 2 of the Realm of Zot.
You worshipped Vehumet.
Vehumet was exalted by your worship.
You were not hungry.

You visited 10 branches of the dungeon, and saw 48 of its levels.
You also visited: Wizlab.

You collected 7308 gold pieces.
You spent 513 gold pieces at shops.

Inventory:

Missiles
 b - 1396 stones (quivered)
Armour
 v - the +1 shield of Beogh's Hope (worn) {+Fly rC- MR+ Int+6}
   (You bought it in a shop on level 2 of the Orcish Mines)

   It affects your intelligence (+6).
   It makes you vulnerable to cold.
   It affects your resistance to hostile enchantments.
   It lets you fly.
 B - the +3 pair of gauntlets of War (worn) {Slay+5}
   (You found it in a wizard's laboratory)

   It affects your accuracy and damage with ranged weapons and melee attacks
   (+5).
 C - the +0 helmet of the Spider Nest {rPois rN+++ Str+4 Dex-5}
   (You found it on level 3 of the Elven Halls)

   It affects your strength (+4).
   It affects your dexterity (-5).
   It protects you from poison.
   It renders you almost immune to negative energy.
 K - a +2 pair of boots (worn)
 M - the +4 moon troll leather armour (worn) {Spirit, Regen++ MP+5}
   (You took it off a moon troll in a wizard's laboratory)

   It affects your magic capacity (+5).
   It increases your rate of regeneration.
 U - the +1 cloak of Leos (worn) {rElec rF+}
   (You found it on level 3 of the Lair of Beasts)

   It protects you from fire.
   It insulates you from electricity.
 Y - a +2 helmet of intelligence (worn)
Magical Staves
 d - an uncursed staff of earth (weapon)
Jewellery
 g - the ring of Liberalism (left hand) {rPois rF+ Int+6}
   (You found it on level 2 of the Depths)

   [ring of protection from fire]

   It affects your intelligence (+6).
   It protects you from fire.
   It protects you from poison.
 q - an uncursed ring of magical power
 r - the amulet of Bodily Harmony (around neck) {Reflect Int+4 SH+4}
   (You took it off a spriggan berserker on level 3 of the Depths)

   [amulet of reflection]

   It shields you and reflects attacks.
   It affects your intelligence (+4).
   It affects your SH (+4).
 w - the ring "Locumomo" (right hand) {rF+ rN+ MR+ Slay+5}
   (You found it on level 3 of the Depths)

   [ring of positive energy]

   It affects your accuracy and damage with ranged weapons and melee attacks
   (+5).
   It protects you from fire.
   It protects you from negative energy.
   It affects your resistance to hostile enchantments.
 V - a +3 ring of intelligence
Wands
 y - a wand of digging (12/24)
 S - a wand of digging (7/24)
Scrolls
 m - 30 scrolls of remove curse
 s - 14 scrolls of amnesia
 u - 4 scrolls of immolation
 x - 19 scrolls of identify
 z - a scroll of summoning
 D - 4 scrolls of blinking
 E - 9 scrolls of magic mapping
 G - 2 scrolls of fog
 H - 3 scrolls of holy word
 I - a scroll of acquirement
 J - 13 scrolls of teleportation
 O - a scroll of enchant weapon
 T - 4 scrolls of fear
Potions
 f - 9 potions of agility
 h - 2 potions of cancellation
 i - 3 potions of invisibility
 j - a potion of heal wounds
 n - 8 potions of brilliance
 o - 4 potions of might
 p - 3 potions of mutation
 A - 3 potions of resistance
 P - 13 potions of curing
 X - a potion of ambrosia
 Z - a potion of berserk rage
Books
 c - a book of the Sky

   Spells                             Type                      Level
   a - Summon Lightning Spire         Summoning/Air                4
   b - Silence                        Hexes/Air                    5
   c - Deflect Missiles               Charms/Air                   6
   d - Conjure Ball Lightning         Conjuration/Air              6
   e - Tornado                        Air                          9
 e - a book of Geomancy

   Spells                             Type                      Level
   a - Sandblast                      Earth                        1
   b - Passwall                       Transmutation/Earth          2
   c - Stone Arrow                    Conjuration/Earth            3
   d - Petrify                        Transmutation/Earth          4
   e - Lee's Rapid Deconstruction     Earth                        5
 k - a book of the Tempests

   Spells                             Type                      Level
   a - Static Discharge               Conjuration/Air              3
   b - Lightning Bolt                 Conjuration/Air              5
   c - Ignition                       Fire                         8
   d - Tornado                        Air                          9
   e - Shatter                        Earth                        9
 F - a book of Power

   Spells                             Type                      Level
   a - Iskenderun's Battlesphere      Conjuration/Charms           5
   b - Venom Bolt                     Conjuration/Poison           5
   c - Bolt of Magma                  Conjuration/Fire/Earth       5
   d - Iron Shot                      Conjuration/Earth            6
   e - Orb of Destruction             Conjuration                  7
   f - Spellforged Servitor           Conjuration/Summoning        7
 N - Lehudib's Collected Works on the Harmful Mountains
   (You found it in a wizard's laboratory)

   Spells                             Type                      Level
   a - Bolt of Magma                  Conjuration/Fire/Earth       5
   b - Venom Bolt                     Conjuration/Poison           5
   c - Spellforged Servitor           Conjuration/Summoning        7
   d - Lehudib's Crystal Spear        Conjuration/Earth            8
 Q - a book of Clouds

   Spells                             Type                      Level
   a - Poisonous Vapours              Poison/Air                   2
   b - Mephitic Cloud                 Conjuration/Poison/Air       3
   c - Conjure Flame                  Conjuration/Fire             3
   d - Freezing Cloud                 Conjuration/Ice/Air          6
   e - Ring of Flames                 Charms/Fire                  7
Comestibles
 a - 5 chunks of flesh
 l - 7 meat rations
 t - 16 bread rations
 L - 18 royal jellies
 R - 22 fruits


   Skills:
 - Level 22.0 Fighting
 - Level 12.0 Staves
 - Level 8.3 Armour
 - Level 9.6 Dodging
 - Level 2.6 Stealth
 - Level 16.2 Shields
 - Level 19.2 Spellcasting
 - Level 14.4 Conjurations
 + Level 11.7 Charms
 - Level 0.7 Transmutations
 - Level 17.2 Fire Magic
 - Level 24.9 Earth Magic
 - Level 10.3 Evocations


You had 10 spell levels left.
You knew the following spells:

 Your Spells              Type           Power        Failure   Level  Hunger
a - Sandblast             Erth           ######       1%          1    None
b - Lee's Rapid Deconstr  Erth           #########.   1%          5    None
c - Passwall              Tmut/Erth      ########..   1%          2    None
d - Bolt of Magma         Conj/Fire/Erth #########.   1%          5    None
e - Stone Arrow           Conj/Erth      ######       1%          3    None
f - Iron Shot             Conj/Erth      #########.   1%          6    None
g - Lehudib's Crystal Sp  Conj/Erth      #########.   1%          8    None
h - Ignition              Fire           #########.   1%          8    None
i - Ring of Flames        Chrm/Fire      ########..   2%          7    None
j - Shatter               Erth           #########.   1%          9    ###....


Dungeon Overview and Level Annotations

Branches:
Dungeon (15/15)            Temple (0/1) D:7            Lair (5/6) D:9
 Shoals (4/4) Lair:3       Spider (4/4) Lair:2          Orc (2/2) D:9
    Elf (3/3) Orc:2        Vaults (5/5) D:14          Crypt (3/3) Vaults:2
   Tomb (0/3) Crypt:3      Depths (5/5) D:15            Zot (2/5) Depths:5
  Slime: Lair:5-6

Altars:
Dithmenos
Elyvilon
Fedhas
Kikubaaqudgha
Nemelex Xobeh
Ru
Sif Muna
Vehumet
Yredelemnul
Zin

Shops:
D:10 [(   D:11 %   Orc:1 (   Orc:2 [*[[   Elf:2 [   Vaults:1 %   Vaults:2 [
Depths:5 *

Portals:
Hell: Depths:1 Depths:2 Depths:3 Depths:4 Depths:5
Abyss: Depths:4
Pandemonium: Depths:3 Depths:4
Ziggurat: Depths:1

Annotations:
D:3 exclusion: oklob plant
D:5 Menkaure
D:7 exclusion: 2 downstairs
Lair:1 exclusion: hydra
Lair:2 exclusion: ice statue
Lair:4 exclusions: downstairs and 2 oklob plants
Shoals:4 Ilsuiw
Elf:1 Nikola
Elf:2 2 runed doors
Depths:3 exclusion: downstairs


Innate Abilities, Weirdness & Mutations

You are resistant to torment.
Your stone body is resilient. (AC +20)
You are immune to poison.
Your large and strong wings let you fly indefinitely.
You resist negative energy. (rN+)
You are resistant to electric shocks. (rElec)
You can survive without breathing.
You are immune to petrification.
You are immune to rotting.
You are resistant to hostile enchantments. (MR+)
You are very robust. (+20% HP)
Your spells are a little harder to cast, but a little more powerful.


Message History

You hear a sizzling sound!
The frost giant is engulfed in blazing flames.
The frost giant casts a spell at you. The bolt of cold misses you.
The frost giant casts a spell at you.
You hear a sizzling sound!
The frost giant casts a spell at you. The bolt of cold hits you!
You feel a terrible chill!
* * * LOW HITPOINT WARNING * * *
You hear a sizzling sound!
The yellow draconian throws acid at you.
The glob of acid hits you!
* * * LOW HITPOINT WARNING * * *
You are splashed with acid!
The acid burns!
* * * LOW HITPOINT WARNING * * *
The green draconian is engulfed in blazing flames.
The frost giant is engulfed in blazing flames.
The frost giant points at you and mumbles some strange words.
The bolt of cold hits you!
You feel a terrible chill!
You die...

#..§≈§≈#...# #..§§≈§#...#
##### #..§≈§§#...# #[)!#
#..§§≈≈#...# #...#
#..≈§§≈#...# #§§§#
#..≈§§§#...# #§§§#
#.§§§§≈#...# #§.§#
#.§≈§§≈#...###§§.########.
#§.§§§≈#...@.§)d§....[....
#..§§§§#...§C§§)C)........
#.≈§≈§§#...###§§d.........
#.§§§§§#.C.# #..[.........
#..≈≈≈§#...# #............
#.≈≈≈§≈#...# #............
#..§§§≈#...# #............
#.≈≈≈§≈#... #............
#..≈≈≈≈# #######..####


You could see 3 frost giants, a yellow draconian and a green draconian.

Vanquished Creatures
  Mennas (Depths:3)
  Mara (Elf:3)
  4 ancient liches
  2 juggernauts
  Sojobo (Depths:2)
  Frederick (Depths:4)
  Bai Suzhen (Shoals:4)
  A shard shrike (Zot:2)
  A caustic shrike (Depths:3)
  4 golden dragons
  Jorgrun (Depths:4)
  An iron giant (shapeshifter) (Depths:3)
  5 liches
  10 tentacled monstrosities
  A moon troll (WizLab)
  3 titans
  2 deep elf blademasters (Elf:3)
  3 quicksilver dragons
  2 deep elf master archers (Elf:3)
  The ghost of Britaniac the Bludgeoner, an adept GrFi of Okawaru (WizLab)
  5 tentacled starspawn (WizLab)
  2 death cobs (Zot:2)
  Polyphemus (Shoals:4)
  10 sphinxes
  Agnes (Elf:2)
  5 draconian monks (Zot:1)
  3 ancient champions
  Donald (Crypt:1)
  7 storm dragons
  14 shadow dragons
  Kirke (Lair:4)
  14 tengu reavers
  Roxanne (Elf:1)
  3 revenants
  17 frost giants
  9 deep elf sorcerers
  2 draconian knights
  3 orc warlords
  9 fire giants
  3 iron dragons
  3 curse skulls
  23 vault wardens
  3 ghost moths
  2 cacodemons
  Louise (D:15)
  Aizul (Elf:1)
  2 deep elf elementalists
  3 emperor scorpions
  3 draconian scorchers
  3 ghouls
  3 draconian annihilators (Zot:1)
  6 reapers
  3 draconian shifters (Zot:1)
  19 ironheart preservers
  3 draconian stormcallers
  3 war gargoyles
  4 entropy weavers
  34 stone giants
  25 very ugly things
  The ghost of cereshysteria the Grappler, a journeyman NaMo of Cheibriados (D:13)
  7 deep elf demonologists
  5 green draconians
  8 vampire knights
  6 black draconians
  7 deep elf annihilators
  2 small abominations
  2 purple draconians
  Azrael (Orc:2)
  3 yellow draconians
  22 spark wasps
  7 red draconians
  5 white draconians
  11 eidola
  11 ettins
  10 merfolk impalers
  A merfolk javelineer (Shoals:4)
  Josephine (D:10)
  A mummy priest (Crypt:3)
  A jiangshi (Crypt:2)
  9 deep elf death magi
  A crystal guardian (Vaults:5)
  7 fire dragons
  11 ice dragons
  7 deep elf high priests
  A quicksilver dragon zombie (Crypt:3)
  13 yaktaur captains
  A great orb of eyes (shapeshifter) (Depths:1)
  9 great orbs of eyes
  30 vault guards
  7 rakshasas
  4 merfolk avatars
  2 quicksilver dragon skeletons
  17 ogre magi
  2 alligator snapping turtles
  A monstrous demonspawn (Depths:3)
  8 hydras
  8 centaur warriors
  6 death knights
  3 spriggan air magi
  A catoblepas (shapeshifter) (D:15)
  2 catoblepae
  A queen ant (shapeshifter) (Depths:5)
  43 dancing weapons
  4 merfolk aquamancers
  39 two-headed ogres
  A queen ant (Spider:3)
  5 tengu warriors
  4 vampire magi
  4 satyrs (Shoals:4)
  12 death yaks
  15 deep troll shamans
  A titan zombie (Crypt:3)
  11 deep troll earth magi
  An orc high priest (Depths:2)
  2 spriggan berserkers
  13 hell knights
  5 soul eaters (Crypt:3)
  21 deep elf knights
  2 wretched stars (WizLab)
  2 salamander mystics
  10 skeletal warriors
  A storm dragon zombie (Depths:3)
  Sonja (Lair:1)
  A fire crab (shapeshifter) (Vaults:5)
  8 iron trolls
  A storm dragon skeleton (Crypt:3)
  3 anaconda zombies
  5 unseen horrors
  17 glowing orange brains
  9 sea snakes
  43 deep trolls
  8 flayed ghosts
  10 wizards
  An orange crystal statue (WizLab)
  11 harpies
  A shadow dragon zombie (Crypt:1)
  5 deep elf archers
  Pikel (D:7)
  11 phantasmal warriors
  17 ironbrand convokers
  A golden dragon skeleton (Crypt:3)
  A stone giant zombie (Vaults:2)
  27 orc knights
  25 necromancers
  An orb spider (shapeshifter) (Depths:2)
  An iron dragon zombie (Crypt:2)
  3 human zombies
  22 fauns
  3 frost giant zombies
  29 wolf spiders
  The ghost of Quirk the Carver, a novice DsFi of Okawaru (D:7)
  23 orb spiders
  7 salamanders
  A wolf spider zombie (Crypt:3)
  9 orc sorcerers
  2 iron dragon skeletons
  A fire giant zombie (Vaults:3)
  83 ugly things
  68 deep elf magi
  9 moths of wrath
  A tengu skeleton (Vaults:2)
  A shining eye (shapeshifter) (Depths:2)
  6 cyclopes
  A centaur zombie (D:12)
  4 frost giant skeletons
  2 stone giant skeletons
  A black mamba (Lair:4)
  11 merfolk sirens
  13 vault sentinels
  Maurice (D:9)
  A water nymph (shapeshifter) (Depths:2)
  14 manticores
  4 water nymphs
  A spiny frog (shapeshifter) (Depths:3)
  3 human skeletons
  3 fire giant skeletons
  A smoke demon (Depths:3)
  2 guardian serpents (Depths:2)
  A rust devil (Depths:3)
  12 eyes of devastation (WizLab)
  2 torpor snails
  A gargoyle (D:10)
  A green draconian zombie (Crypt:1)
  A red draconian zombie (Crypt:2)
  7 centaur skeletons
  2 kobold demonologists
  13 freezing wraiths
  An entropy weaver simulacrum (Vaults:1)
  4 komodo dragons
  A yaktaur (shapeshifter) (Vaults:2)
  66 yaktaurs
  11 demonic crawlers
  2 rime drakes
  10 spiny frogs
  A guardian mummy (Crypt:3)
  11 hellwings (Crypt:3)
  A hydra zombie (Crypt:3)
  A merfolk (shapeshifter) (Vaults:5)
  2 tengu conjurers
  The ghost of Malak the Magician, a novice DEVM of Vehumet (D:5)
  3 meliai (shapeshifter)
  A white draconian skeleton (Crypt:1)
  8 trolls
  A queen bee (shapeshifter) (Vaults:4)
  37 jumping spiders
  29 merfolk
  3 polar bears
  Prince Ribbit (D:9)
  10 hornets
  A harpy skeleton (Crypt:1)
  A bog body (Crypt:1)
  2 elf zombies
  5 wind drakes
  A minotaur skeleton (Crypt:2)
  A raiju (shapeshifter) (Vaults:3)
  3 hydra skeletons
  4 fire dragon zombies (Crypt:3)
  10 dream sheep
  16 slime creatures
  2 frost giant simulacra
  A dream sheep (shapeshifter) (Vaults:4)
  A fire giant simulacrum (Crypt:2)
  An ettin zombie (Crypt:3)
  10 blink frogs
  9 hippogriffs
  A stone giant simulacrum (Crypt:2)
  6 flying skulls (Crypt:1)
  An ice dragon zombie (Crypt:1)
  8 snapping turtles
  An ice dragon skeleton (Crypt:3)
  46 yaks
  A spriggan (shapeshifter) (Depths:5)
  9 air elementals
  79 redbacks
  A shadow (D:14)
  7 starcursed masses (WizLab)
  4 wyverns
  A yak (shapeshifter) (Depths:4)
  A redback (shapeshifter) (Vaults:1)
  20 tarantellas
  An ettin skeleton (Vaults:4)
  An ushabti (Crypt:3)
  An elf simulacrum (Depths:3)
  11 water elementals
  A basilisk (D:9)
  3 hogs (Lair:4)
  17 wraiths
  6 fire elementals
  A golden eye (shapeshifter) (Depths:5)
  A steam dragon (D:7)
  Grum (D:8)
  A chaos spawn (Depths:3)
  2 neqoxecs (WizLab)
  A hungry ghost (D:8)
  3 wargs
  8 vampire mosquitoes
  A wind drake skeleton (Crypt:2)
  A two-headed ogre zombie (D:9)
  A swamp worm (shapeshifter) (Vaults:3)
  2 hell hounds (Orc:2)
  17 soldier ants (Spider:3)
  6 acid dragons
  A spiny frog zombie (Crypt:3)
  10 water moccasins
  6 porcupines
  Duvessa (D:4)
  A water nymph skeleton (Crypt:2)
  3 floating eyes
  10 ice beasts
  A slave (D:8)
  A black bear (D:7)
  A snapping turtle zombie (Crypt:2)
  61 orc warriors
  4 phantoms
  A black bear (shapeshifter) (Depths:1)
  5 eyes of draining
  4 sky beasts
  A necrophage (Crypt:1)
  44 ogres
  A snapping turtle skeleton (Crypt:2)
  20 wolves
  7 boggarts
  21 centaurs
  A dream sheep skeleton (Crypt:1)
  A manticore skeleton (Crypt:3)
  12 crocodiles
  4 big kobolds
  A hippogriff zombie (Crypt:2)
  A wyvern zombie (D:10)
  A hippogriff skeleton (Crypt:1)
  26 bullfrogs
  2 earth elementals
  An elf skeleton (Crypt:2)
  5 wyvern skeletons (Crypt:3)
  Dowan (D:5)
  5 scorpions
  4 troll zombies (D:9)
  13 killer bees
  10 wights
  10 electric eels
  A bullfrog zombie (D:13)
  6 crimson imps
  9 hounds
  A jelly (D:6)
  A gnoll shaman (D:7)
  27 orc priests
  2 bullfrog skeletons
  19 orc wizards
  Ijyb (D:5)
  5 iguanas
  23 worker ants
  3 ogre zombies (D:9)
  A big kobold skeleton (Crypt:1)
  A hound zombie (D:7)
  A mummy (Crypt:3)
  A worker ant zombie (D:6)
  6 gnolls
  A howler monkey skeleton (D:6)
  14 adders
  A swamp drake zombie (Crypt:1)
  5 shadow imps
  2 oozes
  2 adder zombies
  2 adder skeletons
  A lava snake skeleton (Crypt:1)
  3 worms
  2 dart slugs
  2 leopard geckos
  116 orcs
  7 giant cockroaches
  8 goblins
  17 hobgoblins
  12 jackals
  8 quokkas
  6 ball pythons
  8 bats
  9 frilled lizards
  A goblin skeleton (D:9)
  3 goblin zombies (D:9)
  2 hobgoblin zombies (D:9)
  24 kobolds
  3 orc skeletons (D:9)
  16 orc zombies (D:9)
  6 rats
  2 fungi (Lair:4)
  4 plants
  7 starspawn tentacles (WizLab)
2590 creatures vanquished.

Vanquished Creatures (others)
  A deep elf master archer (Elf:3)
  A spark wasp (Depths:3)
  2 merfolk javelineers
  3 yaktaur captains
  3 centaur warriors
  3 satyrs (Shoals:4)
  A deep elf knight (Elf:3)
  2 deep elf archers (Elf:2)
  A frost giant zombie (Vaults:2)
  2 deep elf magi (Elf:1)
  A cyclops (D:15)
  4 fauns
  22 yaktaurs
  A jumping spider (Spider:4)
  4 humans (Lair:4)
  A soldier ant (D:12)
  2 orc warriors
  3 slaves (D:8)
  6 centaurs
  A boggart (Depths:5)
  A crimson imp (D:15)
  A leopard gecko (D:8)
  5 orcs
  A quokka (D:7)
  A kobold (D:14)
  2 demonic plants (WizLab)
  5 fungi
  87 plants
  12 starspawn tentacles (WizLab)
  12 withered plants (Crypt:3)
191 creatures vanquished.

Grand Total: 2781 creatures vanquished

Notes
Turn   | Place    | Note
-------+----------+-------------------------------------------
     0 | D:1      | esteth the Gargoyle Earth Elementalist began the quest for the Orb.
     0 | D:1      | Reached XP level 1. HP: 10/10 MP: 3/3
   651 | D:1      | Reached XP level 2. HP: 15/15 MP: 5/5
  1393 | D:1      | Reached skill level 4 in Earth Magic
  1537 | D:1      | Reached XP level 3. HP: 10/19 MP: 6/6
  2389 | D:2      | Reached skill level 5 in Earth Magic
  2642 | D:2      | Reached XP level 4. HP: 20/24 MP: 7/7
  3001 | D:2      | Found a radiant altar of Vehumet.
  3006 | D:2      | Became a worshipper of Vehumet
  3455 | D:3      | Found a deep blue altar of Sif Muna.
  3475 | D:3      | Reached skill level 6 in Earth Magic
  3475 | D:3      | Reached XP level 5. HP: 15/28 MP: 4/8
  3636 | D:3      | Learned a level 5 spell: Lee's Rapid Deconstruction
  3680 | D:3      | Reached skill level 7 in Earth Magic
  3999 | D:3      | Found a glowing silver altar of Zin.
  3999 | D:3      | Found Zin's Purification Station.
  4014 | D:3      | Bought a potion of curing for 90 gold pieces
  4101 | D:3      | Reached XP level 6. HP: 32/32 MP: 7/9
  4521 | D:3      | Reached * piety under Vehumet
  4521 | D:3      | Offered knowledge of Freeze by Vehumet.
  4554 | D:3      | Found a blossoming altar of Fedhas.
  4577 | D:3      | Noticed an oklob plant
  4982 | D:4      | Reached skill level 8 in Earth Magic
  5099 | D:4      | Reached XP level 7. HP: 16/36 MP: 6/10
  5431 | D:4      | Found a basalt altar of Yredelemnul.
  5543 | D:4      | Got an ancient hand axe
  5544 | D:4      | Identified the +6 hand axe of Optimality {freeze, rPois rC- Dex+5} (You found it on level 4 of the Dungeon)
  5685 | D:4      | Found a shadowy altar of Dithmenos.
  5774 | D:4      | Reached skill level 9 in Earth Magic
  6278 | D:4      | Reached skill level 10 in Earth Magic
  6292 | D:5      | Entered Level 5 of the Dungeon
  6294 | D:5      | Noticed Menkaure
  6309 | D:5      | Noticed Duvessa
  6309 | D:5      | Noticed Dowan
  6324 | D:5      | Killed Dowan
  6332 | D:4      | Killed Duvessa
  6332 | D:4      | Reached skill level 1 in Fighting
  6332 | D:4      | Reached skill level 1 in Armour
  6332 | D:4      | Reached XP level 8. HP: 27/43 MP: 7/11
  6547 | D:5      | Noticed Ijyb
  6556 | D:5      | Killed Ijyb
  6596 | D:5      | Noticed Malak's ghost (novice DEVM)
  6628 | D:5      | Killed Malak's ghost
  7114 | D:6      | Offered knowledge of Flame Tongue by Vehumet.
  7130 | D:6      | Reached ** piety under Vehumet
  7208 | D:6      | HP: 2/48 [orc warrior/trident (7)]
  7501 | D:6      | Learned a level 2 spell: Passwall
  7761 | D:6      | Found a sacrificial altar of Ru.
  7939 | D:6      | Reached XP level 9. HP: 52/53 MP: 15/15
  8003 | D:6      | Reached skill level 5 in Fighting
  8230 | D:6      | Reached skill level 5 in Spellcasting
  8933 | D:7      | Offered knowledge of Searing Ray by Vehumet.
  9023 | D:7      | Found a staircase to the Ecumenical Temple.
  9064 | D:7      | Found a white marble altar of Elyvilon.
  9109 | D:7      | Noticed Quirk's ghost (novice DsFi)
  9115 | D:7      | Reached skill level 11 in Earth Magic
  9121 | D:7      | Killed Quirk's ghost
  9121 | D:7      | Reached *** piety under Vehumet
  9121 | D:7      | Reached XP level 10. HP: 50/60 MP: 3/20
  9932 | D:7      | Reached skill level 1 in Staves
  9932 | D:7      | Reached skill level 1 in Evocations
  9997 | D:8      | Noticed Pikel
 10002 | D:8      | Noticed a two-headed ogre
 10015 | D:7      | Killed Pikel
 10125 | D:8      | Offered knowledge of Sticky Flame by Vehumet.
 10167 | D:8      | Killed a two-headed ogre
 10170 | D:8      | Noticed Grum
 10231 | D:8      | Killed Grum
 10406 | D:8      | Noticed a deep elf mage
 10577 | D:8      | Killed a deep elf mage
 10585 | D:8      | Reached skill level 5 in Staves
 10729 | D:8      | Noticed a two-headed ogre
 10732 | D:8      | Reached XP level 11. HP: 64/64 MP: 14/22
 10753 | D:8      | Reached skill level 5 in Evocations
 10755 | D:8      | Killed a two-headed ogre
 11351 | D:8      | Reached **** piety under Vehumet
 11811 | D:9      | Offered knowledge of Bolt of Magma by Vehumet.
 11818 | D:9      | Learned a level 5 spell: Bolt of Magma
 12151 | D:9      | Reached skill level 1 in Conjurations
 12151 | D:9      | Reached skill level 1 in Fire Magic
 12191 | D:9      | Noticed Prince Ribbit
 12302 | D:9      | Found a staircase to the Orcish Mines.
 12345 | D:9      | Killed Prince Ribbit
 12463 | D:9      | Found a staircase to the Lair.
 12968 | D:9      | Noticed Maurice
 13117 | D:9      | Killed Maurice
 13460 | D:9      | Reached ***** piety under Vehumet
 13546 | Lair:1   | Entered Level 1 of the Lair of Beasts
 13794 | Lair:1   | Noticed a seven-headed hydra
 13854 | Lair:1   | Learned a level 3 spell: Stone Arrow
 13857 | Lair:1   | Noticed a four-headed hydra
 13860 | Lair:1   | Killed a four-headed hydra
 13860 | Lair:1   | Reached skill level 5 in Conjurations
 13952 | Lair:1   | Reached skill level 5 in Fire Magic
 14241 | Lair:1   | Noticed Sonja
 14247 | Lair:1   | Killed Sonja
 14528 | Lair:2   | Found a frozen archway.
 14715 | Lair:2   | Reached XP level 12. HP: 70/70 MP: 8/23
 14716 | Lair:2   | Offered knowledge of Bolt of Cold by Vehumet.
 14756 | Lair:2   | You fall through a shaft!
 14756 | Lair:3   | Found a labyrinth entrance.
 14944 | Lair:3   | Noticed a four-headed hydra
 14948 | Lair:3   | Killed a four-headed hydra
 15130 | Lair:3   | Found a staircase to the Shoals.
 15325 | Lair:3   | Got a heavily runed cloak
 15326 | Lair:3   | Identified the +1 cloak of Leos {rElec rF+} (You found it on level 3 of the Lair of Beasts)
 16095 | Lair:2   | Found a hole to the Spider Nest.
 16393 | Lair:2   | Identified a scroll of acquirement
 17126 | Lair:3   | Gained mutation: Your spells are a little easier to cast, but a little less powerful. [potion of mutation]
 17126 | Lair:3   | Gained mutation: You have a pair of small horns on your head. [potion of mutation]
 17126 | Lair:3   | Gained mutation: You are resistant to hostile enchantments. (MR+) [potion of mutation]
 17126 | Lair:3   | Gained mutation: You are partially covered in yellow scales. (AC +2) [potion of mutation]
 17814 | Lair:3   | Reached skill level 13 in Earth Magic
 17814 | Lair:3   | Reached XP level 13. HP: 76/76 MP: 25/25
 18075 | Lair:4   | Noticed Kirke
 18239 | Lair:4   | Killed Kirke
 19160 | Lair:4   | Gained mutation: Your large and strong wings let you fly indefinitely. [Gargoyle growth]
 19160 | Lair:4   | Reached XP level 14. HP: 84/84 MP: 10/26
 19789 | Lair:4   | Offered knowledge of Venom Bolt by Vehumet.
 20565 | Lair:5   | Reached skill level 10 in Staves
 22399 | Orc:1    | Entered Level 1 of the Orcish Mines
 22410 | Orc:1    | Found Igitose's Weapon Boutique.
 23015 | Orc:2    | Entered Level 2 of the Orcish Mines
 23462 | Orc:2    | Noticed Azrael
 23478 | Orc:2    | Killed Azrael
 23589 | Orc:2    | Offered knowledge of Ozocubu's Refrigeration by Vehumet.
 23589 | Orc:2    | Reached skill level 10 in Evocations
 23788 | Orc:2    | Noticed an orc warlord
 23798 | Orc:2    | Killed an orc warlord
 24009 | Orc:2    | Found Naryser's Armour Boutique.
 24009 | Orc:2    | Found Muqic's General Store.
 24009 | Orc:2    | Found Sezamp's Antique Armour Emporium.
 24012 | Orc:2    | Found Zuarres's Armour Shop.
 24017 | Orc:2    | Bought a potion of mutation for 96 gold pieces
 24024 | Orc:2    | Lost mutation: You have a pair of small horns on your head. [potion of mutation]
 24024 | Orc:2    | Lost mutation: Your spells are a little easier to cast, but a little less powerful. [potion of mutation]
 24024 | Orc:2    | Gained mutation: Your mind is acute. (Int +2) [potion of mutation]
 24024 | Orc:2    | Gained mutation: You tend to lose your temper in combat. [potion of mutation]
 24024 | Orc:2    | Gained mutation: You can translocate small distances at will. [potion of mutation]
 24360 | Orc:2    | Found a staircase to the Elven Halls.
 24390 | Orc:2    | Reached XP level 15. HP: 77/88 MP: 27/27
 24653 | D:10     | Entered Level 10 of the Dungeon
 24953 | D:10     | Found Ydwatuj's Antique Armour Boutique.
 25027 | D:10     | Noticed Josephine
 25039 | D:10     | Killed Josephine
 25039 | D:10     | Reached skill level 1 in Shields
 25182 | D:10     | Found Icsah's Antique Weapon Shoppe.
 25658 | D:11     | Found Aheot's Food Emporium.
 26332 | D:11     | Reached skill level 5 in Armour
 26887 | D:12     | Reached ****** piety under Vehumet
 26887 | D:12     | Reached skill level 5 in Shields
 26908 | D:12     | Offered knowledge of Yara's Violent Unravelling by Vehumet.
 27077 | Spider:1 | Entered Level 1 of the Spider Nest
 28321 | Spider:2 | Noticed an emperor scorpion
 28328 | Spider:2 | Killed an emperor scorpion
 29048 | Spider:2 | Reached XP level 16. HP: 93/96 MP: 7/28
 29073 | Spider:2 | Offered knowledge of Bolt of Fire by Vehumet.
 29762 | Spider:2 | Reached skill level 10 in Fighting
 30082 | Spider:3 | Reached skill level 10 in Shields
 31126 | Spider:4 | Entered Level 4 of the Spider Nest
 31290 | Spider:4 | Offered knowledge of Freezing Cloud by Vehumet.
 32836 | Spider:4 | Reached XP level 17. HP: 104/104 MP: 25/30
 33250 | Spider:3 | Offered knowledge of Poison Arrow by Vehumet.
 33390 | Spider:4 | Reached skill level 10 in Spellcasting
 33579 | Spider:4 | Got a gossamer rune of Zot
 33776 | Shoals:1 | Entered Level 1 of the Shoals
 36267 | Shoals:3 | Offered knowledge of Lehudib's Crystal Spear by Vehumet.
 36267 | Shoals:3 | Offered knowledge of Glaciate by Vehumet.
 36267 | Shoals:3 | Offered knowledge of Ignition by Vehumet.
 37594 | Shoals:4 | Entered Level 4 of the Shoals
 37774 | Shoals:4 | Reached XP level 18. HP: 79/110 MP: 11/33
 38006 | Shoals:4 | Reached skill level 15 in Shields
 38224 | Shoals:4 | Noticed Bai Suzhen
 38280 | Shoals:4 | Reached skill level 10 in Fire Magic
 38290 | Shoals:4 | Killed Bai Suzhen
 38649 | Shoals:4 | Got a steaming sapphire amulet
 38735 | Shoals:4 | Noticed Polyphemus
 38740 | Shoals:4 | Killed Polyphemus
 39077 | Shoals:4 | Noticed Ilsuiw
 39467 | Shoals:4 | Identified the amulet "Zesakkibi" {Harm *Drain rC+} (You found it on level 4 of the Shoals)
 39521 | Shoals:4 | Got a barnacled rune of Zot
 40790 | Orc:2    | Bought the +1 shield of Beogh's Hope {+Fly rC- MR+ Int+6} for 327 gold pieces
 41046 | D:13     | Learned a level 6 spell: Iron Shot
 41352 | D:13     | Reached skill level 10 in Conjurations
 41394 | D:13     | Noticed cereshysteria's ghost (journeyman NaMo)
 41400 | D:13     | Killed cereshysteria's ghost
 42465 | D:14     | Found a gate to the Vaults.
 42703 | D:14     | Reached XP level 19. HP: 82/114 MP: 23/34
 43160 | D:15     | Entered Level 15 of the Dungeon
 43174 | D:15     | Noticed Louise
 43187 | D:15     | Killed Louise
 44056 | D:15     | Found a staircase to the Depths.
 44777 | Elf:1    | Entered Level 1 of the Elven Halls
 44777 | Elf:1    | Noticed Roxanne
 44782 | Elf:1    | Killed Roxanne
 44884 | Elf:1    | Identified Roxanne's Catalogue of Shape Shifting (You took it off Roxanne on level 1 of the Elven Halls)
 44911 | Elf:1    | Noticed Aizul
 44914 | Elf:1    | Killed Aizul
 45191 | Elf:1    | Learned a level 8 spell: Lehudib's Crystal Spear
 45663 | Elf:1    | Reached skill level 14 in Earth Magic
 45979 | Elf:1    | Noticed Nikola
 46604 | Elf:2    | Found Jyofyoff's Armour Emporium.
 46611 | Elf:2    | Reached skill level 15 in Earth Magic
 46749 | Elf:2    | Noticed Agnes
 46757 | Elf:2    | Killed Agnes
 46949 | Elf:2    | Reached XP level 20. HP: 120/120 MP: 24/35
 47148 | Elf:2    | Reached skill level 16 in Earth Magic
 47415 | Elf:2    | Found a large runed door.
 47415 | Elf:2    | Found a large runed door.
 47437 | Elf:2    | Found a large runed door.
 47437 | Elf:2    | Found a large runed door.
 48104 | Elf:2    | Reached skill level 17 in Earth Magic
 48635 | Vaults:1 | Entered Level 1 of the Vaults
 49246 | Vaults:1 | Reached skill level 18 in Earth Magic
 49771 | Vaults:1 | Found Unas's Food Emporium.
 50311 | Vaults:1 | Reached skill level 19 in Earth Magic
 50703 | Vaults:2 | Found a staircase to the Crypt.
 50914 | Vaults:2 | Reached XP level 21. HP: 118/124 MP: 15/36
 51176 | Vaults:2 | Found Kaparir's Antique Armour Shop.
 53790 | Vaults:3 | Reached XP level 22. HP: 96/130 MP: 39/39
 54539 | Vaults:4 | Reached skill level 15 in Fire Magic
 54884 | Vaults:4 | Identified Koothurgh's Tome of Malediction (You acquired it on level 4 of the Vaults)
 56193 | Depths:1 | Entered Level 1 of the Depths
 56246 | Depths:1 | Found a magical portal.
 56255 | WizLab   | Entered Lehudib's Moon Base
 56277 | WizLab   | Reached skill level 15 in Spellcasting
 57050 | WizLab   | Got a scorched jade ring
 57052 | WizLab   | Identified the ring of Kauler {rPois MR+} (You found it in a wizard's laboratory)
 57287 | WizLab   | Noticed Britaniac's ghost (adept GrFi)
 57347 | WizLab   | Killed Britaniac's ghost
 57499 | WizLab   | Learned a level 8 spell: Ignition
 57557 | WizLab   | Found a transporter.
 57600 | WizLab   | Reached XP level 23. HP: 135/135 MP: 33/42
 58434 | WizLab   | Identified Lehudib's Collected Works on the Harmful Mountains
 58456 | WizLab   | Found a transporter.
 58781 | Depths:1 | Found a gateway to Hell.
 59452 | Depths:1 | Found a gateway to a ziggurat.
 60335 | Depths:2 | Got a twitching granite ring
 60337 | Depths:2 | Identified the ring of Liberalism {rPois rF+ Int+6} (You found it on level 2 of the Depths)
 60552 | Depths:2 | Noticed a juggernaut
 60561 | Depths:2 | Killed a juggernaut
 60780 | Depths:2 | Noticed Sojobo
 60797 | Depths:2 | Killed Sojobo
 60861 | Depths:2 | Reached XP level 24. HP: 121/140 MP: 37/44
 60877 | Depths:2 | Got a vibrating platinum ring
 61209 | Depths:2 | Found a sparkling altar of Nemelex Xobeh.
 61486 | Depths:2 | Got a brightly glowing wooden ring
 61730 | Depths:2 | Gained mutation: Your body sometimes deteriorates upon taking damage. [a shining eye]
 61732 | Depths:2 | Gained mutation: Your magical capacity is low. (-10% MP) [a shining eye]
 61940 | Depths:2 | Identified the ring of Ykhloxtem {+Fly rF+ Int-3 Slay+2} (You took it off Sojobo on level 2 of the Depths)
 61999 | Depths:2 | Found a basalt altar of Yredelemnul.
 62850 | Depths:3 | Noticed a caustic shrike
 62869 | Depths:3 | Reached skill level 20 in Earth Magic
 62872 | Depths:3 | Killed a caustic shrike
 63171 | Depths:3 | Got a slimy pewter ring
 63180 | Depths:3 | Got a faintly glowing turquoise ring
 63181 | Depths:3 | Identified the ring "Liuvoj" {*Drain +Blink +Fly rN+ Str+3} (You took it off a deep elf knight on level 2 of the Depths)
 63182 | Depths:3 | Identified the ring "Locumomo" {rF+ rN+ MR+ Slay+5} (You found it on level 3 of the Depths)
 63183 | Depths:3 | Identified the cursed ring "Itoeherch" {EV-2 Str+4 Slay+6} (You found it on level 3 of the Depths)
 63273 | Depths:3 | Reached skill level 21 in Earth Magic
 63343 | Depths:3 | Noticed Mennas
 63454 | Depths:3 | Lost mutation: Your mind is acute. (Int +2) [a cacodemon]
 63506 | Depths:3 | Lost mutation: Your magical capacity is low. (-10% MP) [potion of mutation]
 63506 | Depths:3 | Lost mutation: You are partially covered in yellow scales. (AC +2) [potion of mutation]
 63506 | Depths:3 | Gained mutation: You are agile. (Dex +2) [potion of mutation]
 63506 | Depths:3 | Gained mutation: Your natural rate of healing is unusually fast. [potion of mutation]
 63507 | Depths:3 | Lost mutation: You can translocate small distances at will. [potion of mutation]
 63507 | Depths:3 | Lost mutation: You tend to lose your temper in combat. [potion of mutation]
 63507 | Depths:3 | Lost mutation: You are resistant to hostile enchantments. (MR+) [potion of mutation]
 63507 | Depths:3 | Lost mutation: Your body sometimes deteriorates upon taking damage. [potion of mutation]
 63507 | Depths:3 | Lost mutation: You are agile. (Dex +2) [potion of mutation]
 63507 | Depths:3 | Gained mutation: You are robust. (+10% HP) [potion of mutation]
 63507 | Depths:3 | Gained mutation: You have large cloven feet. [potion of mutation]
 63507 | Depths:3 | Lost mutation: You have large cloven feet. [potion of mutation]
 63507 | Depths:3 | Gained mutation: You are very robust. (+20% HP) [potion of mutation]
 63508 | Depths:3 | Lost mutation: Your natural rate of healing is unusually fast. [potion of mutation]
 63508 | Depths:3 | Gained mutation: You have a pair of small horns on your head. [potion of mutation]
 63508 | Depths:3 | Gained mutation: Your muscles are strong. (Str +2) [potion of mutation]
 63508 | Depths:3 | Gained mutation: You have large cloven feet. [potion of mutation]
 63509 | Depths:3 | Lost mutation: Your muscles are strong. (Str +2) [potion of mutation]
 63509 | Depths:3 | Lost mutation: You have a pair of small horns on your head. [potion of mutation]
 63509 | Depths:3 | Gained mutation: Your spells are a little easier to cast, but a little less powerful. [potion of mutation]
 63509 | Depths:3 | Gained mutation: You are partially covered in iridescent scales. (AC +2) [potion of mutation]
 63510 | Depths:3 | Lost mutation: Your spells are a little easier to cast, but a little less powerful. [potion of mutation]
 63510 | Depths:3 | Lost mutation: You have large cloven feet. [potion of mutation]
 63510 | Depths:3 | Lost mutation: You are partially covered in iridescent scales. (AC +2) [potion of mutation]
 63510 | Depths:3 | Gained mutation: You are clumsy. (Dex -2) [potion of mutation]
 63510 | Depths:3 | Gained mutation: You expend magic power (3 MP) to strengthen your wands. [potion of mutation]
 63510 | Depths:3 | Gained mutation: You are weak. (Str -2) [potion of mutation]
 63510 | Depths:3 | Gained mutation: You are resistant to hostile enchantments. (MR+) [potion of mutation]
 63511 | Depths:3 | Lost mutation: You are clumsy. (Dex -2) [potion of mutation]
 63511 | Depths:3 | Lost mutation: You expend magic power (3 MP) to strengthen your wands. [potion of mutation]
 63511 | Depths:3 | Lost mutation: You are weak. (Str -2) [potion of mutation]
 63511 | Depths:3 | Gained mutation: Your spells are a little harder to cast, but a little more powerful. [potion of mutation]
 63627 | Depths:3 | Noticed a juggernaut
 63636 | Depths:3 | Killed a juggernaut
 63721 | Depths:3 | Killed Mennas
 63721 | Depths:3 | Reached XP level 25. HP: 172/172 MP: 26/46
 63838 | Depths:3 | Got a wavering sapphire amulet
 64021 | Depths:3 | Found a one-way gate leading to the halls of Pandemonium.
 64300 | Depths:4 | Noticed Frederick
 64578 | Depths:4 | Paralysed by a floating eye for 2 turns
 64581 | Depths:4 | Reached skill level 22 in Earth Magic
 64824 | Depths:4 | Killed Frederick
 65238 | Depths:4 | Noticed an ancient lich
 65240 | Depths:4 | Killed an ancient lich
 65240 | Depths:4 | Reached skill level 23 in Earth Magic
 65349 | Depths:4 | Noticed Jorgrun
 65358 | Depths:4 | Killed Jorgrun
 65712 | Depths:4 | Found a one-way gate to the infinite horrors of the Abyss.
 65853 | Depths:4 | Identified Ara Numo's Handbook of Sinister Arts
 65857 | Depths:4 | Identified the amulet of Bodily Harmony {Reflect Int+4 SH+4} (You took it off a spriggan berserker on level 3 of the Depths)
 66002 | Depths:4 | Reached skill level 24 in Earth Magic
 66143 | Depths:5 | Entered Level 5 of the Depths
 66868 | Depths:5 | Got a crude granite ring
 67131 | Depths:5 | Reached XP level 26. HP: 170/180 MP: 46/46
 67162 | Depths:5 | Found Vuev's Blood Bar.
 67979 | Depths:5 | Found a gate to the Realm of Zot.
 68631 | Elf:3    | Entered Level 3 of the Elven Halls
 69029 | Elf:3    | Noticed Mara
 69031 | Elf:3    | Killed Mara
 69277 | Elf:3    | Reached skill level 15 in Fighting
 70011 | Elf:3    | Identified the ring "Buly" {AC+2 Dex+6} (You took it off a frost giant on level 5 of the Depths)
 70238 | Elf:3    | Got an ichor-stained helmet
 70239 | Elf:3    | Identified the +0 helmet of the Spider Nest {rPois rN+++ Str+4 Dex-5} (You found it on level 3 of the Elven Halls)
 70618 | Crypt:1  | Entered Level 1 of the Crypt
 70891 | Crypt:1  | Noticed Donald
 70895 | Crypt:1  | Killed Donald
 71862 | Crypt:2  | Reached XP level 27. HP: 206/206 MP: 43/46
 72219 | Crypt:3  | Entered Level 3 of the Crypt
 72465 | Crypt:3  | Found an ancient bone altar of Kikubaaqudgha.
 72631 | Crypt:3  | Noticed an ancient lich
 72635 | Crypt:3  | Killed an ancient lich
 72684 | Crypt:3  | Identified Woggit's Tome of the Ghastly Entourage
 73384 | Crypt:3  | Found a staircase to the Tomb.
 73693 | Crypt:3  | Got an ancient pewter ring
 73694 | Crypt:3  | Identified the ring of the Prince of Darkness {*Contam MR+ AC+5 Str+6} (You found it on level 3 of the Crypt)
 74365 | Vaults:5 | Entered Level 5 of the Vaults
 74392 | Vaults:5 | Noticed an ancient lich
 74398 | Vaults:5 | Killed an ancient lich
 74749 | Vaults:5 | Reached skill level 5 in Dodging
 74800 | Vaults:5 | Noticed an ancient lich
 74915 | Vaults:5 | Killed an ancient lich
 75703 | Vaults:5 | Got a slimy ruby amulet
 75848 | Vaults:5 | Got a silver rune of Zot
 75977 | Vaults:5 | Identified the amulet "Souvvuoq" {Spirit rElec MR+} (You took it off an orc on level 5 of the Vaults)
 75980 | Vaults:5 | Got a heavily runed jade amulet
 75982 | Vaults:5 | Identified the amulet of Suspicion {Harm *Drain +Fly} (You found it on level 5 of the Vaults)
 76036 | Vaults:5 | Learned a level 7 spell: Ring of Flames
 76076 | Vaults:5 | Identified the Collected Works on Necromancy and Companions
 76154 | Vaults:5 | Reached skill level 1 in Charms
 76191 | Vaults:5 | Learned a level 9 spell: Shatter
 76328 | Vaults:5 | Identified the Handbook of Boosts
 77060 | Zot:1    | Entered Level 1 of the Realm of Zot
 77064 | Zot:1    | Reached skill level 5 in Charms
 78204 | Zot:2    | Reached skill level 10 in Charms
 78840 | Zot:2    | Killed from afar by a frost giant

Skill      XL: |  1  2  3  4  5  6  7  8  9 10 11 12 13 14 15 16 17 18 19 20 21 22 23 24 25 26 27 |
---------------+----------------------------------------------------------------------------------+-----
Dodging        | 2 9 |  9.6
Earth Magic    | 4 5 6 7 8 10 11 13 15 19 21 24 | 24.9
Fighting       | 1 4 6 8 9 11 17 22 | 22.0
Armour         | 1 2 8 |  8.3
Spellcasting   | 4 7 8 9 11 13 15 17 19 | 19.2
Staves         | 5 6 8 11 12 | 12.0
Evocations     | 4 5 6 10 | 10.3
Conjurations   | 6 9 11 14 | 14.4
Fire Magic     | 5 7 9 11 14 16 17 | 17.2
Shields        | 8 12 14 16 | 16.2
Charms         | 11 | 11.7
Stealth        | |  2.6
Transmutations | |  0.7

Action                   |  1- 3 |  4- 6 |  7- 9 | 10-12 | 13-15 | 16-18 | 19-21 | 22-24 | 25-27 || total
-------------------------+-------+-------+-------+-------+-------+-------+-------+-------+-------++-------
Melee: Unarmed           |    21 |       |       |       |       |       |       |       |       ||    21
       Whip              |   153 |   234 |    36 |       |       |       |       |       |       ||   423
       Hand axe          |       |       |   188 |    11 |       |       |       |       |       ||   199
       Staff             |       |       |       |   381 |   942 |  1867 |  1199 |   856 |  1026 ||  6271
       Headbutt          |       |       |       |     1 |    28 |       |       |       |       ||    29
 Cast: Sandblast         |    16 |    43 |    41 |   163 |   140 |    79 |    15 |     5 |     8 ||   510
       Lee's Rapid Decon |       |       |     6 |     8 |     2 |     5 |    50 |   118 |    66 ||   255
       Stone Arrow       |       |       |       |    46 |    35 |    96 |     6 |     7 |       ||   190
       Bolt of Magma     |       |       |       |    29 |   130 |   176 |   242 |    81 |    64 ||   722
       Passwall          |       |       |       |       |     4 |     1 |       |       |       ||     5
       Iron Shot         |       |       |       |       |       |     3 |     7 |   168 |   364 ||   542
       Lehudib's Crystal |       |       |       |       |       |       |     1 |    19 |    16 ||    36
       Ignition          |       |       |       |       |       |       |       |     1 |    26 ||    27
       Ring of Flames    |       |       |       |       |       |       |       |       |     5 ||     5
       Shatter           |       |       |       |       |       |       |       |       |     1 ||     1
 Abil: Fly               |       |       |       |       |     1 |       |       |       |     1 ||     2
       Stop Flying       |       |       |       |       |       |       |       |       |     1 ||     1
Evoke: Wand              |       |       |       |       |     6 |       |     2 |     3 |       ||    11
  Use: Scroll            |     1 |     2 |     8 |    15 |     6 |    19 |     3 |    15 |    16 ||    85
       Potion            |       |     2 |     4 |    15 |     2 |    12 |     3 |     8 |     6 ||    52
 Stab: Sleeping          |     7 |     5 |     5 |     1 |     2 |     2 |     1 |     1 |     1 ||    25
       Distracted        |       |       |       |     1 |     1 |     2 |       |       |     1 ||     5
  Eat: Chunk             |     1 |     9 |    11 |    30 |    42 |    58 |    42 |    14 |    23 ||   230
       Bread ration      |     1 |       |       |       |     3 |       |       |     3 |     1 ||     8
       Royal jelly       |       |       |     2 |     1 |       |     1 |       |       |     1 ||     5
       Meat ration       |       |       |       |     1 |     3 |     2 |     1 |     4 |     4 ||    15
       Fruit             |       |       |       |     1 |     1 |     1 |     2 |       |     1 ||     6
Armor: Robe              |    98 |    92 |   129 |   288 |   268 |       |       |       |       ||   875
       Troll leather arm |       |       |       |       |   316 |   835 |   278 |   328 |   412 ||  2169
Dodge: Dodged            |   156 |   186 |   205 |   350 |   350 |   587 |   204 |   195 |   264 ||  2497
Block: Shield            |       |       |       |    42 |   767 |  1552 |   657 |   612 |   727 ||  4357
       Other             |       |       |       |    16 |       |       |       |       |       ||    16
       Reflection        |       |       |       |       |    42 |   135 |    99 |   102 |    49 ||   427
